 Dungeon Crawl Stone Soup version 0.30-a0-459-g9104f0fc43 (webtiles) character file.

Game seed: 7218815341709679507

261 p00ps00p the Trooper (level 6, -1/56 HPs)
             Began as a Hill Orc Fighter on Dec 15, 2022.
             Slain by an orc warrior
             ... wielding a +0 mace
              (6 damage)
             ... on level 3 of the Dungeon.
             The game lasted 00:03:23 (2687 turns).

p00ps00p the Trooper (Hill Orc Fighter)             Turns: 2687, Time: 00:03:24

Health: -1/56      AC: 12    Str: 21    XL:     6   Next: 18%
Magic:  6/6        EV:  7    Int:  8    God:
Gold:   148        SH:  4    Dex: 10    Spells: 5/5 levels left

rFire   . . .      SeeInvis .    a - +0 war axe
rCold   . . .      Faith    .    c - +0 buckler
rNeg    + . .      Spirit   .    q - +0 chain mail
rPois   .          Reflect  .    h - +0 helmet
rElec   .          Harm     .    e - +0 cloak
rCorr   .          Rampage  .    (no gloves)
Will    .....                    (no boots)
Stlth   ..........               (no amulet)
HPRegen 0.29/turn                l - ring of positive energy
MPRegen 0.10/turn                (no ring)

@: no status effects
A: no striking features
a: no special abilities


You were on level 3 of the Dungeon.
You visited 1 branch of the dungeon, and saw 3 of its levels.

You collected 148 gold pieces.

Inventory:

Hand Weapons
 a - a +0 war axe (weapon)
Missiles
 d - 6 silver javelins (quivered)
Armour
 b - a +0 scale mail
 c - a +0 buckler (worn)
 e - a +0 cloak (worn)
 h - a +0 helmet (worn)
 q - a +0 chain mail (worn)
Jewellery
 l - a ring of positive energy (left hand)
Wands
 g - a wand of flame (15)
Potions
 f - a potion of mutation {unknown}
 i - a potion of flight
 j - a potion of heal wounds
 k - 2 potions of attraction
 n - a potion of lignification {unknown}
 o - a potion of curing {unknown}
 p - a potion of might


   Skills:
 + Level 5.1 Fighting
 + Level 4.7 Axes
 + Level 4.6 Armour
 + Level 4.6 Shields


You had 5 spell levels left.
You didn't know any spells.
Your spell library was empty.

Dungeon Overview and Level Annotations

Branches:
Dungeon (3/15)

Altars:
Ashenzari
Trog
Beogh


Message History

The orc warrior hits you with a +0 mace!
Unknown command.
You hit the orc.
The orc is severely wounded.
You hit the orc warrior but do no damage.
The orc warrior hits you with a +0 mace.
The orc completely misses you.
Unknown command.
You slash the orc!
You kill the orc!
You hit the orc warrior.
The orc warrior hits you with a +0 mace.
Unknown command.
You are too injured to fight recklessly!
You are too injured to fight recklessly!
Unknown command.
You are too injured to fight recklessly!
Unknown command.
You are too injured to fight recklessly!
You barely miss the orc warrior.
The orc warrior is moderately wounded.
The orc warrior hits you but does no damage.
The orc warrior hits you with a +0 mace!
You slash the orc warrior!
The orc warrior is heavily wounded.
The orc warrior hits you with a +0 mace.
* * * LOW HITPOINT WARNING * * *
You closely miss the orc warrior.
The orc warrior is heavily wounded.
The orc warrior hits you with a +0 mace.
* * * LOW HITPOINT WARNING * * *
You barely miss the orc warrior.
The orc warrior is heavily wounded.
The orc warrior hits you with a +0 mace.
* * * LOW HITPOINT WARNING * * *
The orc warrior hits you but does no damage.
You barely miss the orc warrior.
The orc warrior is heavily wounded.
The orc warrior hits you with a +0 mace.
You die...

..........................#
#...
.##.##.##.#.##.############
#... .
.............#........ ##'#
#.##.##.#.#..#........ #.#
...#.........#........ #.#
#..####......#....≈≈§≈ #.#
.....#..#.#......§S #.#
####.#....#))...§§K #.#
#.####.'@o≈≈≈§§§ ##.#
........#.....§§. #..#
##.######......≈§ ##.#
#....≈≈≈≈ ### #........
#........ #........
#########


You could see an orc warrior and an adder.

Vanquished Creatures
  Crazy Yiuf (D:2)
  2 orc wizards (D:3)
  Robin (D:3)
  3 gnolls (D:2)
  5 adders
  A worm (D:2)
  3 dart slugs
  7 orcs
  5 ball pythons
  2 bats
  6 endoplasms
  2 giant cockroaches
  15 goblins
  11 hobgoblins
  3 jackals (D:1)
  4 quokkas
  4 frilled lizards
  5 kobolds
  5 rats
85 creatures vanquished.

Notes
Turn   | Place    | Note
-------+----------+-------------------------------------------
     0 | D:1      | p00ps00p the Hill Orc Fighter began the quest for the Orb.
     0 | D:1      | Reached XP level 1. HP: 19/19 MP: 1/1
    93 | D:1      | Reached XP level 2. HP: 25/27 MP: 2/2
   388 | D:1      | Reached skill level 4 in Fighting
   430 | D:1      | Reached XP level 3. HP: 33/33 MP: 3/3
  1040 | D:2      | Found a runed translucent door.
  1041 | D:2      | Noticed Crazy Yiuf
  1049 | D:2      | Killed Crazy Yiuf
  1050 | D:2      | Reached XP level 4. HP: 11/40 MP: 4/4
  1274 | D:2      | Found a roughly hewn altar of Beogh.
  1401 | D:2      | Reached XP level 5. HP: 33/47 MP: 5/5
  1404 | D:2      | Found a bloodstained altar of Trog.
  1847 | D:2      | Found a faded altar of an unknown god.
  2132 | D:3      | Found a broken altar of Ashenzari.
  2283 | D:3      | Noticed Robin
  2293 | D:3      | Killed Robin
  2605 | D:3      | Reached skill level 5 in Fighting
  2605 | D:3      | Reached XP level 6. HP: 40/56 MP: 6/6
  2673 | D:3      | Noticed an orc warrior
  2687 | D:3      | Slain by an orc warrior

Illustrated notes

Levels and vault maps discovered:
D:1:      scummos_arrival_simple_crosswalls, layout_loops_corners
D:2:      layout_basic, hellmonk_ecumenical_altar_defaced_shrine, basic_altar,
          uniq_crazy_yiuf_cottage
D:3:      layout_basic, lemuel_crystal_altar, kennysheep_generic_room_16,
          uniq_robin

Skill      XL: |  1  2  3  4  5 |
---------------+----------------+-----
Axes           | 3 4 |  4.7
Fighting       | 4 5 |  5.1
Armour         | 4 |  4.6
Shields        | 4 |  4.6

Action                   |  1- 3 |  4- 6 || total
-------------------------+-------+-------++-------
Melee: War axe           |    77 |   186 ||   263
  Use: Scroll            |     3 |     5 ||     8
       Potion            |       |     5 ||     5
Armor: Scale mail        |    33 |    62 ||    95
       Chain mail        |       |    44 ||    44
Dodge: Dodged            |    41 |    82 ||   123
Block: Buckler           |    13 |    47 ||    60

Table legend: (Time is in decaauts)
 A = Elapsed time spent in this place.
 B = Non-inter-level travel time spent in this place.
 C = Inter-level travel time spent in this place.
 D = Time resting spent in this place.
 E = Time spent auto-exploring this place.
 F = Levels seen in this place.
 G = Mean time per level.
                   A        B        C        D        E       F      G
               +--------+--------+--------+--------+--------+-----+--------+
         Total |   2745 |   2673 |     72 |    100 |   1931 |   3 |  915.0 |
       Dungeon |   2745 |   2673 |     72 |    100 |   1931 |   3 |  915.0 |
               +--------+--------+--------+--------+--------+-----+--------+

Top non-repeatable levels by time:
     D:1: 1049 daAuts
     D:2: 855 daAuts
     D:3: 840 daAuts
